 Dungeon Crawl Stone Soup version 0.30.1-9-gdf580d7c3d (webtiles) character file.

Game seed: 4053229492548348707

1802 H0rd4k the Cudgeller (level 9, -2/66 HPs)
             Began as a Human Artificer on Oct 20, 2023.
             Slain by a wraith (7 damage)
             ... on level 7 of the Dungeon.
             The game lasted 00:09:10 (5462 turns).

H0rd4k the Cudgeller (Human Artificer)              Turns: 5462, Time: 00:09:10

Health: -2/66      AC:  9    Str: 18    XL:     9   Next: 30%
Magic:  9/9        EV: 13    Int: 16    God:
Gold:   367        SH:  0    Dex: 13    Spells: 8/8 levels left

rFire   . . .        A - +10 spear of Eternal War {heavy, Str+5 SInv}
rCold   . . .        (no shield)
rNeg    . . .        b - +0 leather armour
rPois   +            q - +2 hat
rElec   .            (no cloak)
rCorr   .            h - +2 pair of gloves
SInv    +            g - +0 pair of boots
Will    .....        (no amulet)
Stlth   +            c - ring of poison resistance
HPRegen 0.31/turn    (no ring)
MPRegen 0.11/turn

%: no passive effects
@: mighty, flying, hasted and slowed
A: antennae 1
a: no special abilities


You were on level 7 of the Dungeon.
You visited 2 branches of the dungeon, and saw 8 of its levels.
You also visited: Sewer.

You collected 367 gold pieces.

Inventory:

Hand Weapons
 k - a +0 mace
 A - the +10 spear of Eternal War (weapon) {heavy, Str+5 SInv}
   (You found it on level 6 of the Dungeon)

   Str:       It affects your strength (+5).
   SInv:      It lets you see invisible.
Missiles
 r - 34 poisoned darts
 C - 4 curare-tipped darts
Armour
 b - a +0 leather armour (worn)
 g - a +0 pair of boots (worn)
 h - a +2 pair of gloves (worn)
 q - a +2 hat (worn)
Jewellery
 c - a ring of poison resistance (left hand)
 i - an amulet of faith
 y - a ring of ice
 B - a ring of positive energy
Scrolls
 a - 2 scrolls of poison {unknown}
 f - 4 scrolls of noise
 j - 4 scrolls of identify {unknown}
 l - 2 scrolls of teleportation {unknown}
 m - 3 scrolls of fog {unknown}
 o - a scroll of immolation {unknown}
 p - 3 scrolls of torment {unknown}
 v - a scroll of blinking {unknown}
 w - a scroll of magic mapping {unknown}
Potions
 s - a potion of cancellation
 t - 2 potions of ambrosia
 u - a potion of might


   Skills:
 + Level 4.6 Fighting
 + Level 6.8 Maces & Flails
 * Level 3.6 Polearms
 - Level 2.0 Armour
 + Level 5.4 Dodging
 - Level 1.0 Stealth
 + Level 4.9 Evocations


You had 8 spell levels left.
You didn't know any spells.
Your spell library contained the following spells:

 Spells                   Type           Power      Damage    Failure   Level
 Sublimation of Blood     Necr           0%         N/A       41%         2
 Dazzling Flash           Conj/Hex       0%         N/A       65%         3
 Petrify                  Tmut/Erth      0%         N/A       96%         4
 Agony                    Necr           0%         N/A       100%        5
 Irradiate                Conj/Tmut      0%         3d11      100%        5
 Silence                  Hex/Air        0%         N/A       100%        5


Dungeon Overview and Level Annotations

Branches:
Dungeon (7/15)             Temple (1/1) D:4           Sewer (visited)

Altars:
Ashenzari
Cheibriados
Elyvilon
Fedhas
Hepliaklqana
Makhleb
Okawaru
Trog
Vehumet
Wu Jian
Xom

Shops:
D:2 =![

Annotations:
D:5 Grinder


Innate Abilities, Weirdness & Mutations

You have a pair of small antennae on your head.


Message History

It was a potion of cancellation.
Your magical effects are unravelling.
You feel magically purged.
You feel yourself speed up. The wraith misses you.
It was a potion of mutation.
You feel extremely strange.
Your skin feels very cold.
Your skin warms up.
A pair of antennae grows on your head! The wraith hits you!
* * * LOW HITPOINT WARNING * * *
The wraith drains your vigour!
You feel yourself slow down.
It was a potion of magic.
Magic courses through your body. The wraith hits you.
* * * LOW HITPOINT WARNING * * *
The wraith drains your vigour!
You feel as though you will be slow longer.
The wraith completely misses you.
It was a potion of might.
You feel very mighty all of a sudden. The wraith hits you but does no damage.
You puncture the wraith!
The wraith is moderately damaged.
The wraith barely misses you. The wraith misses you.
You closely miss the wraith.
The wraith is moderately damaged.
The wraith misses you. The wraith barely misses you.
It was a potion of haste.
You feel yourself speed up. The wraith hits you.
* * * LOW HITPOINT WARNING * * *
The wraith drains your vigour!
You feel as though you will be slow longer.
The wraith hits you.
* * * LOW HITPOINT WARNING * * *
It was a potion of flight.
You feel very buoyant.
You fly up into the air.
The wraith closely misses you.
As you read the scroll labelled AHYCZI ZEEWA, it crumbles to dust.
You hear a loud clanging noise!
It was a scroll of noise.
You hear a croak.
You hear a shout! x2; You hear a bark!
The wraith hits you!
You die...

### ##### ... ....
#######.# #.#####.
........# #....W.. #@#
#.###### ##W# ##.# ###
#..# #.W# .. #####..#
### #..# .#
#......###.## #..###.##
#.##../.....###.<##...#
......<...W........†.#
#####...###$####.###...#
#...# #.# #.# #####


You could see a wraith.

Vanquished Creatures
  A hornet (D:7)
  Sigmund (D:6)
  2 water moccasins (D:7)
  An ice beast (D:4)
  2 black bears
  A phantom (D:6)
  3 kobold brigands (Sewer)
  A bullfrog (D:4)
  2 scorpions (D:4)
  2 hounds
  2 iguanas (D:4)
  A sleepcap (D:6)
  2 orc wizards
  A gnoll (D:5)
  10 adders
  2 river rats (Sewer)
  A white imp (D:6)
  An ufetubus (D:6)
  4 worms
  3 dart slugs
  10 orcs
  9 endoplasms
  2 giant cockroaches
  9 goblins
  8 hobgoblins
  11 jackals
  10 kobolds
  5 quokkas
  8 ball pythons
  5 bats
  A frilled lizard (D:1)
  9 rats
130 creatures vanquished.

Vanquished Creatures (collateral kills)
  A scorpion (D:5)
  4 gnolls
  An adder (D:2)
  5 orcs
  A ball python (D:3)
  A bat (D:3)
  An endoplasm (D:3)
  2 jackals (D:3)
  2 quokkas (D:2)
  A frilled lizard (D:2)
  A kobold (D:2)
20 creatures vanquished.

Vanquished Creatures (others)
  An ice beast (D:6)
  A scorpion (D:5)
  An adder (D:5)
  A gnoll (D:5)
4 creatures vanquished.

Grand Total: 154 creatures vanquished

Notes
Turn   | Place    | Note
-------+----------+-------------------------------------------
     0 | D:1      | H0rd4k the Human Artificer began the quest for the Orb.
     0 | D:1      | Reached XP level 1. HP: 15/15 MP: 1/1
   174 | D:1      | Reached XP level 2. HP: 16/21 MP: 2/2
   408 | D:1      | Reached XP level 3. HP: 15/26 MP: 3/3
   484 | D:1      | Found a faded altar of an unknown god.
   876 | D:2      | Found Iskyoc's Armour Boutique.
   876 | D:2      | Found Imona's Distillery.
   891 | D:2      | Reached skill level 1 in Maces & Flails
   948 | D:2      | Reached XP level 4. HP: 26/32 MP: 4/4
  1242 | D:2      | Found Taterosch's Jewellery Emporium.
  1403 | D:2      | Reached skill level 2 in Maces & Flails
  1626 | D:3      | Reached XP level 5. HP: 34/38 MP: 5/5
  1731 | D:3      | Noticed a black bear
  1788 | D:3      | Killed a black bear
  1789 | D:3      | Reached skill level 3 in Maces & Flails
  2079 | D:3      | Reached XP level 6. HP: 45/46 MP: 6/6
  2452 | D:4      | Found a staircase to the Ecumenical Temple.
  2461 | Temple   | Entered the Ecumenical Temple
  2461 | Temple   | Found a transporter.
  2461 | Temple   | Found a transporter.
  2463 | Temple   | Found a transporter.
  2463 | Temple   | Found a transporter.
  2524 | D:4      | Noticed an ice beast
  2541 | D:4      | Found a glowing drain.
  2567 | D:4      | Killed an ice beast
  2568 | D:4      | Reached skill level 4 in Maces & Flails
  2568 | D:4      | Reached XP level 7. HP: 50/51 MP: 7/7
  2593 | Sewer    | Entered a sewer
  2819 | Sewer    | HP: 1/51 [kobold brigand/+0 dagger (2)]
  2824 | Sewer    | HP: 2/51 [something (2)]
  3370 | Sewer    | Reached skill level 5 in Maces & Flails
  3622 | D:4      | Reached XP level 8. HP: 53/58 MP: 8/8
  4569 | D:5      | Entered Level 5 of the Dungeon
  4902 | D:5      | Noticed Grinder
  4905 | D:5      | Reached skill level 6 in Maces & Flails
  5033 | D:6      | Found an iron altar of Okawaru.
  5053 | D:6      | Identified the +10 spear of Eternal War {heavy, Str+5 SInv}
  5130 | D:6      | Noticed Sigmund
  5141 | D:6      | Killed Sigmund
  5142 | D:6      | Reached skill level 1 in Polearms
  5142 | D:6      | Reached skill level 5 in Dodging
  5168 | D:6      | Reached XP level 9. HP: 54/65 MP: 9/9
  5438 | D:7      | Noticed a hornet
  5439 | D:7      | Found a radiant altar of Vehumet.
  5452 | D:7      | Killed a hornet
  5455 | D:7      | Gained mutation: A frigid envelope surrounds you and
                  | freezes all who hurt you. [potion of mutation]
  5455 | D:7      | Lost mutation: A frigid envelope surrounds you and freezes
                  | all who hurt you. [potion of mutation]
  5455 | D:7      | Gained mutation: You have a pair of small antennae on your
                  | head. [potion of mutation]
  5462 | D:7      | Slain by a wraith

Illustrated notes

Levels and vault maps discovered:
D:1:      doesnt_arrival_eight_statues, layout_loops_ring,
          shapermc_ecumenical_altar_hornbeckon
D:2:      layout_rooms, serial_shops, nicolae_square_shop, shop, shop,
          corner_web_ring
D:3:      layout_rooms
D:4:      layout_layer_cave, minmay_temple_entry_slanted,
          cheibrodos_sewer_entry_sluice
D:5:      layout_basic, serial_shops, nicolae_shop_hallway_stairs,
          kennysheep_generic_room_15, uniq_grinder
D:6:      layout_cave_pools, grunt_dithmenos_shadows, okawaru_ov_weapons_minmay,
          kennysheep_small_circle, uniq_sigmund
D:7:      layout_loops_ring, grunt_temple_overflow_magic_moments
Temple:   hellmonk_temple_divided_pantheon

Skill      XL: |  1  2  3  4  5  6  7  8  9 |
---------------+----------------------------+-----
Maces & Flails | 1 2 3 4 5 6 |  6.8
Fighting       | 2 3 4 |  4.6
Dodging        | 2 3 4 5 |  5.4
Evocations     | 4 |  4.9
Polearms       | 1 3 |  3.6
Armour         | |  2.0
Stealth        | |  1.0

Action                     |  1- 3 |  4- 6 |  7- 9 || total
---------------------------+-------+-------+-------++-------
  Melee: Club              |   106 |    52 |       ||   158
         Mace              |       |   223 |   294 ||   517
         Punch             |       |     7 |     3 ||    10
         Spear             |       |       |    44 ||    44
  Evoke: Wand              |     2 |     9 |    24 ||    35
    Use: Potion            |       |       |     7 ||     7
         Scroll            |       |       |     1 ||     1
   Stab: Sleeping          |     4 |     4 |     2 ||    10
         Betrayed ally     |       |     1 |       ||     1
 Armour: Leather armour    |    36 |   156 |   123 ||   315
  Dodge: Dodged            |    66 |   243 |   233 ||   542
